 Dungeon Sprint DCSS version 0.17-a0-1337-ge651487 (webtiles) character file.

923 Kidiri the Covert (level 7, -6/32 HPs)
             Began as a Spriggan Enchanter on June 10, 2015.
             Mangled by a kraken (38 damage)
             ... in the Dungeon (Sprint II: "The Violet Keep of Menkaure").
             The game lasted 00:05:31 (716 turns).

Kidiri the Covert (Spriggan Enchanter)               Turns: 716, Time: 00:05:31

Health: -6/32      AC:  3    Str:  4    XL:     7   Next: 84%
Magic:  20/20      EV: 27    Int: 17    God:
Gold:   972        SH:  0    Dex: 18    Spells: 5 memorised, 12 levels left

rFire  . . .     SeeInvis +     a - +1 dagger
rCold  . . .     Clarity  .     b - +1 robe
rNeg   . . .     SustAt   .     (shield restricted)
rPois  .         Gourm    .     (helmet restricted)
rElec  .         Spirit   .     (no cloak)
rCorr  .         Warding  .     (gloves unavailable)
rMut   .         NoTele   +     (boots unavailable)
MR     +....                    (no amulet)
Stlth  ++++++....               (no ring)
                                (no ring)

@: very quick, somewhat resistant to hostile enchantments, very stealthy
A: unfitting armour, see invisible, herbivore 3, speed 3, slow metabolism 2
a: no special abilities


You were in the Dungeon.
You were not hungry.

You visited 1 branch You collected 972 gold pieces.

Inventory:

Hand weapons
 a - a +1 dagger (weapon)
Armour
 b - a +1 robe (worn)
Scrolls
 j - a scroll of blinking
Potions
 e - a potion of curing
 f - a potion of heal wounds
 g - a potion of haste
 h - 2 potions of magic
 i - a potion of berserk rage
Books
 c - a book of Maledictions

   Spells                             Type                      Level
   a - Corona                         Hexes                        1
   b - Ensorcelled Hibernation        Hexes/Ice                    2
   c - Confuse                        Hexes                        3
   d - Tukima's Dance                 Hexes                        3
   e - Dazzling Spray                 Conjuration/Hexes            3
Comestibles
 d - a bread ration


   Skills:
 * Level 8.3 Short Blades
 * Level 10.9 Dodging
 * Level 12.1 Stealth
 * Level 9.4 Spellcasting
 + Level 3.3 Conjurations
 + Level 7.2 Hexes
 + Level 3.6 Ice Magic


You had 12 spell levels left.
You knew the following spells:

 Your Spells              Type           Power        Failure   Level  Hunger
a - Corona                Hex            ####...      1%          1    None
b - Ensorcelled Hibernat  Hex/Ice        ####..       1%          2    None
c - Confuse               Hex            ####....     1%          3    None
d - Tukima's Dance        Hex            ####....     1%          3    None
e - Dazzling Spray        Conj/Hex       ####....     3%          3    None


Dungeon Overview and Level Annotations

Branches:
Dungeon (1/1)

Altars:

Shops:
D =(

Annotations:
D exclusion: obsidian statue


Innate Abilities, Weirdness & Mutations

You are tiny and cannot use many weapons and most armour.
You have supernaturally acute eyesight.
You are a herbivore.
You cover ground extremely quickly.
You need consume almost no food.


Message History

You see here a hippogriff skeleton.
There is an open door, spattered with blood here.
You see here a hippogriff skeleton.
You open the door.
There is an open door here.
You open the door.
Marking area around the obsidian statue as unsafe for travelling.
There is an open door here.
A kraken comes into view.
Casting: Ensorcelled Hibernation
Confirm with . or Enter, or press ? or * to list all spells.
Aiming: Corona
Press: ? - help, Shift-Dir - straight line, f - kraken
Aim: a kraken (water, resting, chance to defeat MR: 37%)
Okay, then.
Unknown command.
Unknown command.
The kraken bites you!!!
Ouch! That really hurt!
You die...

+#### ≈≈§§≈≈§##
§§§§§§§##
§§8§§§§≈# §§§§≈≈
# ≈≈§≈
###≈≈#+++#+++##
##≈≈≈..@......#
.#≈≈≈≈X##'##..#
∩#≈≈≈≈##...##
.#≈≈≈≈#.)#..#
∩#≈≈####...####
.#≈##.###'###.#
.#≈#.#.##.##..##
.+ +###÷.<.+##.+
#.#%##.##%.##


You could see a kraken.

Vanquished Creatures
  A siren (D)
  2 hippogriffs (D)
  4 brain worms (D)
  4 worker ants (D)
11 creatures vanquished.

Vanquished Creatures (others)
  A crocodile (D)
1 creature vanquished.

Grand Total: 12 creatures vanquished

Notes
Turn   | Place    | Note
--------------------------------------------------------------
     0 | D        | Kidiri the Spriggan Enchanter began the quest for the Orb.
     0 | D        | Reached XP level 1. HP: 9/9 MP: 5/5
     1 | D        | Noticed a siren
     4 | D        | Noticed a hippogriff
     4 | D        | Noticed a hippogriff
     7 | D        | Noticed a brain worm
     7 | D        | Noticed a brain worm
     7 | D        | Noticed a brain worm
     7 | D        | Noticed a brain worm
     9 | D        | Killed a brain worm
     9 | D        | Reached skill level 6 in Dodging
     9 | D        | Reached skill level 7 in Stealth
     9 | D        | Reached skill level 5 in Spellcasting
     9 | D        | Reached XP level 2. HP: 13/13 MP: 6/9
     9 | D        | Reached XP level 3. HP: 16/16 MP: 6/10
     9 | D        | Reached XP level 4. HP: 21/21 MP: 7/12
    17 | D        | Learned a level 2 spell: Ensorcelled Hibernation
    18 | D        | Killed a crocodile
    21 | D        | Learned a level 3 spell: Confuse
    25 | D        | Learned a level 3 spell: Tukima's Dance
    29 | D        | Learned a level 3 spell: Dazzling Spray
    29 | D        | Upgraded the game from 0.17-a0-1324-ga541562 to 0.17-a0-1337-ge651487
    61 | D        | Killed a brain worm
    61 | D        | Reached skill level 8 in Stealth
    61 | D        | Reached skill level 5 in Hexes
    61 | D        | Reached skill level 1 in Ice Magic
    82 | D        | Killed a brain worm
    82 | D        | Reached skill level 5 in Short Blades
    82 | D        | Reached skill level 9 in Stealth
    82 | D        | Reached skill level 1 in Conjurations
    82 | D        | Reached XP level 5. HP: 8/24 MP: 13/15
    97 | D        | Killed a brain worm
    97 | D        | Reached XP level 6. HP: 5/28 MP: 14/17
   360 | D        | Noticed a worker ant
   360 | D        | Noticed a worker ant
   360 | D        | Noticed a worker ant
   360 | D        | Noticed a worker ant
   366 | D        | Killed a worker ant
   368 | D        | Killed a worker ant
   368 | D        | Reached skill level 10 in Stealth
   372 | D        | Killed a worker ant
   375 | D        | Killed a worker ant
   445 | D        | Killed a siren
   445 | D        | Reached skill level 10 in Dodging
   445 | D        | Reached skill level 11 in Stealth
   445 | D        | Reached XP level 7. HP: 17/32 MP: 8/20
   609 | D        | Killed a hippogriff
   685 | D        | Killed a hippogriff
   685 | D        | Reached skill level 12 in Stealth
   713 | D        | Noticed an obsidian statue
   715 | D        | Noticed a kraken
   716 | D        | Found Dodon's Jewellery Boutique.
   716 | D        | Found Huprough's Antique Weapon Shop.
   716 | D        | Mangled by a kraken

Vault maps used:
D:        the_violet_keep_of_menkaure

Action                   |  1- 3 |  4- 6 |  7- 9 || total
-------------------------+-------+-------+-------++-------
Melee: Dagger            |     1 |    62 |     5 ||    68
 Cast: Corona            |       |     1 |       ||     1
       Ensorcelled Hiber |       |     8 |     2 ||    10
       Confuse           |       |     1 |     3 ||     4
 Stab: Sleeping          |     1 |     4 |     1 ||     6
       Confused          |       |     2 |     1 ||     3
